 Dungeon Crawl Stone Soup version 0.29.1-1-gd02db6906a (webtiles) character file.

Game seed: 4278027186527259363

161 safid the Shooter (level 5, -2/45 HPs)
             Began as a Minotaur Hunter on Oct 12, 2022.
             Slain by an orc
             ... wielding a +0 hand axe of venom
              (7 damage)
             ... on level 3 of the Dungeon.
             The game lasted 00:01:57 (1784 turns).

safid the Shooter (Minotaur Hunter)                 Turns: 1784, Time: 00:01:58

Health: -2/45      AC:  3    Str: 15    XL:     5   Next: 19%
Magic:  4/4        EV: 12    Int:  6    God:
Gold:   107        SH:  0    Dex: 16    Spells: 4/4 levels left

rFire   . . .      SeeInvis .   a - +0 shortbow
rCold   . . .      Faith    .   (shield currently unavailable)
rNeg    . . .      Spirit   .   c - +0 leather armour
rPois   .          Reflect  .   (helmet restricted)
rElec   .          Harm     .   (no cloak)
rCorr   .          Rampage  .   (no gloves)
Will    .....                   (no boots)
Stlth   +.........              (no amulet)
HPRegen 0.15/turn               (no ring)
MPRegen 0.09/turn               (no ring)

@: no status effects
A: horns 2, retaliatory headbutt
a: no special abilities


You were on level 3 of the Dungeon.
You visited 1 branch of the dungeon, and saw 3 of its levels.

You collected 107 gold pieces.

Inventory:

Hand Weapons
 a - a +0 shortbow (weapon)
Armour
 c - a +0 leather armour (worn)
Jewellery
 m - an amulet of guardian spirit
Scrolls
 b - a scroll of immolation
 f - a scroll of vulnerability {unknown}
 h - a scroll of identify {unknown}
 i - a scroll of enchant weapon {unknown}
 n - 4 scrolls of fear {unknown}
Potions
 d - a potion of curing
 e - a potion of flight {unknown}
 g - a potion of degeneration {unknown}
 j - a potion of magic {unknown}
 k - a potion of heal wounds {unknown}
 l - a potion of attraction {unknown}


   Skills:
 - Level 3.0 Fighting
 + Level 7.0 Ranged Weapons
 - Level 2.1 Dodging
 - Level 0.7 Stealth


You had 4 spell levels left.
You didn't know any spells.
Your spell library contained the following spells:

 Spells                   Type           Power      Damage    Failure   Level
 Gell's Gravitas          Tloc           0%         N/A       88%         3
 Portal Projectile        Hex/Tloc       0%         N/A       88%         3
 Teleport Other           Tloc           0%         N/A       88%         3
 Tukima's Dance           Hex            0%         N/A       88%         3
 Blade Hands              Tmut           0%         N/A       100%        5
 Dispersal                Tloc           0%         N/A       100%        6


Dungeon Overview and Level Annotations

Branches:
Dungeon (3/15)

Altars:


Innate Abilities, Weirdness & Mutations

You have a pair of horns on your head.
You reflexively headbutt those who attack you in melee.


Message History

You headbutt the orc priest, but do no damage.
You shoot an arrow.
The arrow hits the orc priest but does no damage.
The orc priest is severely wounded.
The orc priest hits you with a +0 hand axe.
The orc priest closely misses you.
You shoot an arrow.
The arrow closely misses the orc priest.
The arrow hits the orc.
The orc is heavily wounded.
The orc priest closely misses you.
You shoot an arrow. The arrow barely misses the orc priest.
The arrow closely misses the orc.
The orc priest looks braver for a moment.
You shoot an arrow. The arrow barely misses the orc priest.
The arrow hits the orc!
You kill the orc!
The orc priest closely misses you.
You shoot an arrow.
The arrow closely misses the orc priest.
The orc priest hits you with a +0 hand axe.
The orc hits you with a +0 hand axe of venom.
You are poisoned.
The orc barely misses you.
You shoot an arrow.
The arrow hits the orc priest but does no damage.
The orc priest is severely wounded.
You feel very sick.
The orc priest calls down the wrath of Beogh upon you.
Beogh smites you! The orc hits you but does no damage.
You are lethally poisoned!
The orc hits you with a +0 whip.
* * * LOW HITPOINT WARNING * * *
It was a potion of curing.
You feel better. The orc hits you but does no damage.
The orc priest calls down the wrath of Beogh upon you.
Beogh smites you!
* * * LOW HITPOINT WARNING * * *
The orc hits you with a +0 hand axe of venom!
You die...

.. #. .. ####.
. .... . ##...
.# #..#.###)###
#..........##
.##....oo......
.......@o....#.
..##.........#
#...........
...........##
#............#
#..###.$....##
#.. #...##.. ..
#!..# ##.


You could see an orc priest and 2 orcs.

Vanquished Creatures
  Natasha (twice) (D:2)
  7 gnolls (D:2)
  An adder (D:2)
  A worm (D:2)
  2 orcs (D:3)
  A ball python (D:1)
  2 endoplasms (D:1)
  2 giant cockroaches
  2 goblins
  3 hobgoblins
  2 jackals (D:1)
  4 kobolds
  A quokka (D:1)
  A bat (D:2)
  2 frilled lizards
  3 rats
36 creatures vanquished.

Notes
Turn   | Place    | Note
-------+----------+-------------------------------------------
     0 | D:1      | safid the Minotaur Hunter began the quest for the Orb.
     0 | D:1      | Reached XP level 1. HP: 18/18 MP: 0/0
   197 | D:1      | Found a faded altar of an unknown god.
   392 | D:1      | Reached XP level 2. HP: 26/26 MP: 1/1
   647 | D:2      | Reached skill level 5 in Ranged Weapons
   652 | D:2      | Reached XP level 3. HP: 31/31 MP: 2/2
   859 | D:2      | Reached skill level 6 in Ranged Weapons
   859 | D:2      | Reached XP level 4. HP: 38/38 MP: 3/3
  1280 | D:2      | Noticed Natasha
  1292 | D:2      | Killed Natasha
  1381 | D:2      | Noticed Natasha
  1421 | D:2      | Killed Natasha
  1422 | D:2      | Reached XP level 5. HP: 18/45 MP: 4/4
  1775 | D:3      | Reached skill level 7 in Ranged Weapons
  1784 | D:3      | Slain by an orc

Illustrated notes

Levels and vault maps discovered:
D:1:      psy_arrival_whirlpool, layout_basic,
          shapermc_ecumenical_altar_mp_ritualfount
D:2:      layout_basic, uniq_natasha
D:3:      layout_rooms, serial_shops, nicolae_shop_behind_doors,
          nicolae_shop_trees, shop, nicolae_shop_behind_doors,
          cheibrodos_sewer_entry_bend, amcnicky_mini_rare_corridor_liquid,
          pf_guarded_unrand_woodcutter

Skill      XL: |  1  2  3  4  5 |
---------------+----------------+-----
Fighting       | 3 |  3.0
Ranged Weapons | 5 6 7 |  7.0
Dodging        | |  2.1
Stealth        | |  0.7

Action                   |  1- 3 |  4- 6 || total
-------------------------+-------+-------++-------
 Fire: Shortbow          |    58 |    61 ||   119
  Use: Potion            |       |     1 ||     1
Armor: Leather armour    |     3 |     7 ||    10
Dodge: Dodged            |     9 |    17 ||    26
